 Dungeon Crawl Stone Soup version 0.19.5 (webtiles) character file.

53818 ghjk the Severer (level 14, 0/133 HPs)
             Began as a Minotaur Fighter on Apr 20, 2017.
             Was the Champion of Okawaru.
             Slain by a death yak (12 damage)
             ... on level 6 of the Lair of Beasts.
             The game lasted 00:35:11 (19354 turns).

ghjk the Severer (Minotaur Fighter)                Turns: 19354, Time: 00:35:12

Health: 0/133      AC: 24    Str: 25    XL:     14   Next: 32%
Magic:  0/13       EV: 10    Int:  5    God:    Okawaru [******]
Gold:   745        SH:  0    Dex: 18    Spells: 0 memorised, 13 levels left

rFire  . . .     SeeInvis .     Y - +7 broad axe of the Eel {freeze, rElec Dex+4}
rCold  . . .     Gourm    .     b - +0 scale mail
rNeg   . . .     Faith    .     (no shield)
rPois  .         Spirit   +     Z - +2 hat {MR+}
rElec  +         Reflect  .     w - +1 cloak
rCorr  .         Harm     .     c - +1 pair of gloves {Dex+3}
MR     +++..                    V - +2 pair of boots {run}
Stlth  ..........               h - amulet of guardian spirit
                                T - +3 ring of protection
                                I - ring of protection from magic

@: about to teleport, quick
A: retaliatory headbutt, horns 2, shaggy fur 1
a: Heroism, Finesse, Renounce Religion


You were on level 6 of the Lair of Beasts.
You worshipped Okawaru.
Okawaru was exalted by your worship.
You were not hungry.

You visited 2 branches of the dungeon, and saw 17 of its levels.
You also visited: Ossuary.

You collected 979 gold pieces.
You spent 234 gold pieces at shops.

Inventory:

Hand Weapons
 r - a +3 hand axe of venom
 y - a +0 mace
 A - a +4 battleaxe of chopping
 X - a +1 vampiric broad axe
 Y - the +7 broad axe of the Eel (weapon) {freeze, rElec Dex+4}
   (Okawaru gifted it to you on level 5 of the Lair of Beasts)

   It has been specially enchanted to freeze those struck by it, causing extra
   injury to most foes and up to half again as much damage against particularly
   susceptible opponents.
   It can also slow down cold-blooded creatures.
   It affects your dexterity (+4).
   It insulates you from electricity.
Armour
 b - a +0 scale mail (worn)
 c - a +1 pair of gloves of dexterity (worn)
 w - a +1 cloak (worn)
 V - a +2 pair of boots of running (worn)
 Z - a +2 hat of magic resistance (worn)
Jewellery
 h - an amulet of guardian spirit (around neck)
 t - an uncursed ring of teleportation
 I - a ring of protection from magic (left hand)
 K - a +3 ring of evasion
 Q - an uncursed ring of protection from cold
 T - a +3 ring of protection (right hand)
 W - an uncursed ring of protection from fire {unknown}
Wands
 o - a wand of heal wounds (7/9)
 q - a wand of lightning (6/15)
 F - a wand of random effects (19/48)
 H - a wand of iceblast (9/15)
 L - a wand of polymorph (1/24)
 N - a wand of digging (11/24)
 O - a wand of heal wounds (2/9)
 R - a wand of lightning (4/15)
 U - a wand of enslavement (19/24)
Scrolls
 a - a scroll of magic mapping
 d - 3 scrolls of fear
 e - 3 scrolls of blinking
 i - 3 scrolls of enchant weapon
 l - 5 scrolls of teleportation
 m - 6 scrolls of remove curse
 x - 2 scrolls of amnesia
 G - a scroll of recharging
 J - 2 scrolls of fog
Potions
 g - 4 potions of cure mutation
 j - 4 potions of haste
 n - 3 potions of brilliance
 p - a potion of cancellation
 u - 2 potions of flight
 v - a potion of invisibility
 z - 6 potions of curing
 B - 3 potions of agility
 D - 3 potions of berserk rage
 M - a potion of might
 P - a potion of heal wounds
 S - a potion of magic
Books
 C - a book of Geomancy

   Spells                             Type                      Level
   a - Sandblast                      Earth                        1
   b - Passwall                       Transmutation/Earth          2
   c - Stone Arrow                    Conjuration/Earth            3
   d - Petrify                        Transmutation/Earth          4
   e - Lee's Rapid Deconstruction     Earth                        5
Comestibles
 f - 11 bread rations
 k - 7 beef jerkies
 s - 8 meat rations
 E - 2 royal jellies


   Skills:
 + Level 14.5 Fighting
 + Level 20.5 Axes
 - Level 3.2(14.2) Maces & Flails
 + Level 13.7 Armour
   Level 3.7 Shields
 + Level 1.2 Invocations


You had 13 spell levels left.
You didn't know any spells.

Dungeon Overview and Level Annotations

Branches:
Dungeon (11/15)            Temple (0/1) D:6            Lair (6/6) D:8
 Shoals (0/4) Lair:4       Spider (0/4) Lair:3        Slime (0/5) Lair:5
    Orc: D:9-12

Altars:
Gozag
Nemelex Xobeh
Okawaru
Qazlal
Ru
Trog
The Shining One
Jiyva

Shops:
D:6 %   D:10 (

Annotations:
Lair:6 Shinoi's ghost, journeyman MiBe


Innate Abilities, Weirdness & Mutations

You reflexively headbutt those who attack you in melee.
You have a pair of horns on your head.
You are covered in fur. (AC +1)


Message History

The blink frog blinks!
The blink frog hits you.
* * * LOW HITPOINT WARNING * * *
The death yak completely misses you. You furiously retaliate!
You headbutt the death yak.
As you read the scroll of teleportation, it crumbles to dust.
You feel strangely unstable. The blink frog hits you.
* * * LOW HITPOINT WARNING * * *
The blink frog blinks! x2; The death yak gores you!
* * * LOW HITPOINT WARNING * * *
Unknown command.
Unknown command.
Shinoi's ghost hits you but does no damage.
The death yak bellows!
The blink frog hits you but does no damage.
The blink frog hits you!
* * * LOW HITPOINT WARNING * * *
The blink frog blinks!
Unknown command.
The death yak gores you!
You die...

#...........##P#...
.............###...
............## ##.. ....#
............# ### .<.⌠
............## ## ..).
##......##...# ###. ## #..
####.####P..###... ##.#####.+###
####### ##..#.P....
....#.#.....###Y@Wt.###..........
###..#.....#.#Y###YY.####........
...Y.Y††..)#.F.....F...##........
.⌠...+†#.F.....Y.⌠..Y#...........
.... #..†..#..............)......
#.. #.#...#...#...#.#...........
.. #..Y†..###......##.......... #
#.###Y### ###.######Y........
####...## ## ##....P###


You could see 5 death yaks, 2 blink frogs, a crocodile and Shinoi's ghost.

Vanquished Creatures
  Rupert (Lair:6)
  The ghost of ghjk the Severer, a journeyman MiFi (D:11)
  3 hydras
  2 catoblepae
  Erica (Lair:2)
  22 death yaks
  Nergalle (Lair:3)
  Pikel (D:7)
  2 manticores
  6 elephants (Lair:6)
  3 black mambas
  3 torpor snails
  7 spiny frogs
  3 komodo dragons (Lair:1)
  A rime drake (Lair:4)
  2 trolls
  A polar bear (Lair:2)
  A hornet (D:10)
  13 blink frogs
  13 dream sheep
  4 hippogriffs
  A redback (Lair:3)
  Sigmund (D:5)
  Eustachio (D:4)
  41 yaks
  3 basilisks
  3 hungry ghosts
  5 humans (Lair:5)
  Menkaure (D:4)
  2 soldier ants (D:10)
  20 water moccasins
  14 porcupines
  2 orc warriors (D:9)
  An ice beast (D:3)
  3 black bears
  4 phantoms
  An ogre (D:8)
  7 wolves
  7 centaurs
  12 crocodiles
  4 big kobolds
  15 bullfrogs
  A wyvern zombie (Ossuary)
  A gnoll sergeant (D:10)
  A water moccasin zombie (Ossuary)
  5 scorpions
  3 howler monkeys (D:9)
  2 electric eels (D:10)
  2 crimson imps
  A centaur zombie (Ossuary)
  5 bullfrog zombies (Ossuary)
  4 hounds
  3 jellies
  4 orc priests
  Crazy Yiuf (D:5)
  2 bullfrog skeletons
  6 orc wizards
  3 centaur skeletons
  Ijyb (D:2)
  12 worker ants
  2 iguanas
  A killer bee zombie (Ossuary)
  A hound zombie (D:9)
  A hound skeleton (D:6)
  12 mummies (Ossuary)
  5 worker ant zombies
  17 gnolls
  A howler monkey skeleton (D:5)
  11 adders
  2 river rats (D:8)
  2 shadow imps
  3 oozes
  An adder zombie (Ossuary)
  A worm (D:3)
  4 dart slugs
  6 leopard geckos
  29 orcs
  4 bats
  6 giant cockroaches
  7 goblins
  6 hobgoblins
  6 jackals
  30 kobolds
  3 quokkas
  2 ball pythons
  7 frilled lizards
  A giant cockroach zombie (Ossuary)
  A leopard gecko skeleton (D:4)
  2 quokka skeletons
  A quokka zombie (Ossuary)
  10 rats
  6 fungi
  A plant (Lair:6)
  A withered plant (Ossuary)
489 creatures vanquished.

Vanquished Creatures (others)
  A slave (D:7)
  A bullfrog (D:7)
  A scorpion (D:7)
  A mummy (Ossuary)
  4 fungi
  13 plants
  4 withered plants (Ossuary)
25 creatures vanquished.

Grand Total: 514 creatures vanquished

Notes
Turn   | Place    | Note
-------+----------+-------------------------------------------
     0 | D:1      | ghjk the Minotaur Fighter began the quest for the Orb.
     0 | D:1      | Reached XP level 1. HP: 19/19 MP: 0/0
   169 | D:1      | Reached XP level 2. HP: 27/27 MP: 1/1
   607 | D:1      | Reached skill level 3 in Axes
   832 | D:2      | Reached XP level 3. HP: 32/33 MP: 2/2
   975 | D:2      | Noticed Ijyb
   983 | D:2      | Killed Ijyb
   983 | D:2      | Reached skill level 4 in Axes
   983 | D:2      | Reached XP level 4. HP: 33/40 MP: 3/3
  1060 | D:2      | You fall through a shaft!
  1358 | D:3      | Reached skill level 5 in Axes
  1358 | D:3      | Reached skill level 5 in Armour
  1358 | D:3      | Reached XP level 5. HP: 46/46 MP: 4/4
  1603 | D:3      | Noticed an ice beast
  1621 | D:3      | Killed an ice beast
  1621 | D:3      | Reached XP level 6. HP: 45/53 MP: 5/5
  1697 | D:3      | Reached skill level 6 in Axes
  1775 | D:3      | Found an iron altar of Okawaru.
  1893 | D:3      | Became a worshipper of Warmaster Okawaru
  1925 | D:4      | Found a sparkling altar of Nemelex Xobeh.
  1935 | D:4      | Noticed Eustachio
  1971 | D:4      | Killed Eustachio
  1971 | D:4      | Reached skill level 7 in Axes
  2076 | D:4      | Noticed Menkaure
  2082 | D:4      | Reached * piety under Okawaru
  2084 | D:4      | Killed Menkaure
  2084 | D:4      | Reached XP level 7. HP: 5/60 MP: 6/6
  2502 | D:4      | Reached skill level 8 in Axes
  2951 | D:5      | Entered Level 5 of the Dungeon
  2985 | D:5      | Found a sand-covered staircase.
  3000 | Ossuary  | Entered an ossuary
  3053 | Ossuary  | Reached ** piety under Okawaru
  3053 | Ossuary  | Reached skill level 9 in Axes
  3167 | Ossuary  | Reached XP level 8. HP: 45/67 MP: 7/7
  3219 | Ossuary  | Reached skill level 5 in Fighting
  3622 | Ossuary  | Reached skill level 10 in Axes
  3837 | D:5      | Gained mutation: You are covered in fur. (AC +1) [potion of beneficial mutation]
  3866 | D:5      | Found a bloodstained altar of Trog.
  3887 | D:5      | Found a sacrificial altar of Ru.
  4027 | D:5      | Noticed Sigmund
  4030 | D:5      | Noticed an air elemental
  4036 | D:5      | Killed Sigmund
  4036 | D:5      | Reached skill level 11 in Axes
  4038 | D:5      | Found a stormy altar of Qazlal.
  4100 | D:5      | Found a runed door.
  4155 | D:5      | Reached *** piety under Okawaru
  4330 | D:5      | Noticed Crazy Yiuf
  4336 | D:5      | Killed Crazy Yiuf
  4426 | D:6      | Reached XP level 9. HP: 74/74 MP: 8/8
  4528 | D:6      | Reached skill level 12 in Axes
  4821 | D:6      | Found a staircase to the Ecumenical Temple.
  4850 | D:6      | Found a bloodstained altar of Trog.
  4938 | D:6      | Found Kiot's Food Shoppe.
  4943 | D:6      | Bought a bread ration for 60 gold pieces
  4943 | D:6      | Bought a meat ration for 60 gold pieces
  4943 | D:6      | Bought a beef jerky for 18 gold pieces
  4943 | D:6      | Bought a slice of pizza for 18 gold pieces
  4943 | D:6      | Bought a bread ration for 60 gold pieces
  4943 | D:6      | Bought a beef jerky for 18 gold pieces
  5139 | D:6      | Reached **** piety under Okawaru
  5359 | D:7      | Noticed Pikel
  5377 | D:7      | Killed Pikel
  5377 | D:7      | Reached skill level 13 in Axes
  5614 | D:7      | Found a glowing golden altar of the Shining One.
  5657 | D:7      | Found an opulent altar of Gozag.
  6027 | D:8      | Reached XP level 10. HP: 59/84 MP: 9/9
  6335 | D:8      | Reached ***** piety under Okawaru
  6345 | D:8      | Reached skill level 14 in Axes
  6436 | D:8      | Received a gift from Okawaru
  6702 | D:8      | Found a staircase to the Lair.
  7694 | D:9      | Reached skill level 15 in Axes
  7823 | D:9      | Reached skill level 10 in Armour
  8549 | D:10     | Entered Level 10 of the Dungeon
  8591 | D:10     | Reached XP level 11. HP: 81/95 MP: 10/10
  8647 | D:10     | Found Itruecua's Weapon Shop.
  9032 | D:10     | Paralysed by a hornet for 2 turns
  9037 | D:10     | Received a gift from Okawaru
  9916 | D:11     | Noticed ghjk's ghost (journeyman MiFi)
  9943 | D:11     | Killed ghjk's ghost
 10118 | D:11     | Noticed a hill giant
 10213 | Lair:1   | Entered Level 1 of the Lair of Beasts
 10224 | Lair:1   | Reached skill level 16 in Axes
 10518 | Lair:1   | Noticed a six-headed hydra
 11030 | Lair:1   | Reached ****** piety under Okawaru
 11030 | Lair:1   | Reached skill level 10 in Fighting
 11423 | Lair:1   | Killed a six-headed hydra
 11423 | Lair:1   | Received a gift from Okawaru
 11423 | Lair:1   | Reached skill level 1 in Maces & Flails
 12314 | Lair:2   | Identified a scroll of acquirement
 12321 | Lair:2   | Identified a +2 pair of boots of running (You acquired it on level 2 of the Lair of Beasts)
 12332 | Lair:2   | Noticed a seven-headed hydra
 12357 | Lair:2   | Reached XP level 12. HP: 79/108 MP: 9/11
 12367 | Lair:2   | Killed a seven-headed hydra
 13062 | Lair:2   | Noticed Erica
 13076 | Lair:2   | Killed Erica
 13076 | Lair:2   | Received a gift from Okawaru
 13111 | Lair:2   | Noticed a death yak
 13128 | Lair:2   | Killed a death yak
 13565 | Lair:3   | Reached skill level 17 in Axes
 13779 | Lair:3   | Found a hole to the Spider Nest.
 14238 | Lair:4   | Noticed a death yak
 14239 | Lair:4   | Noticed a death yak
 14239 | Lair:4   | Noticed a death yak
 14240 | Lair:4   | Noticed a death yak
 14410 | Lair:4   | Noticed a death yak
 14411 | Lair:4   | Noticed Nergalle
 14416 | Lair:4   | Noticed a death yak
 14431 | Lair:3   | Killed a death yak
 14434 | Lair:3   | Killed Nergalle
 14434 | Lair:3   | Reached skill level 1 in Invocations
 15121 | Lair:4   | Found a staircase to the Shoals.
 15155 | Lair:4   | Killed a death yak
 15155 | Lair:4   | Reached skill level 18 in Axes
 15199 | Lair:3   | Killed a death yak
 15647 | Lair:4   | Killed a death yak
 15655 | Lair:4   | Killed a death yak
 15660 | Lair:4   | Killed a death yak
 15660 | Lair:4   | Received a gift from Okawaru
 16016 | Lair:5   | Reached XP level 13. HP: 118/118 MP: 12/12
 16522 | Lair:5   | Found a viscous altar of Jiyva.
 16522 | Lair:5   | Found a staircase to the Slime Pits.
 17296 | Lair:5   | Reached skill level 19 in Axes
 17386 | Lair:5   | Received a gift from Okawaru
 17532 | Lair:5   | Got a faintly glowing broad axe {god gift}
 17533 | Lair:5   | Identified the +7 broad axe of the Eel {freeze, rElec Dex+4} (Okawaru gifted it to you on level 5 of the Lair of Beasts)
 17749 | Lair:5   | Received a gift from Okawaru
 18222 | Lair:6   | Entered Level 6 of the Lair of Beasts
 18645 | Lair:6   | Reached skill level 20 in Axes
 18808 | Lair:6   | Reached XP level 14. HP: 130/130 MP: 13/13
 18872 | Lair:6   | Received a gift from Okawaru
 18965 | Lair:6   | Noticed Rupert
 18987 | Lair:6   | Killed Rupert
 19346 | Lair:6   | Noticed Shinoi's ghost (journeyman MiBe)
 19354 | Lair:6   | Slain by a death yak

Skill      XL: |  1  2  3  4  5  6  7  8  9 10 11 12 13 14 |
---------------+-------------------------------------------+-----
Armour         | 4 5 6 7 8 10 11 12 13 | 13.7
Axes           | 3 4 5 7 9 11 13 15 16 18 20 | 20.5
Fighting       | 4 5 6 8 10 12 13 14 | 14.5
Maces & Flails | 2 3 |  3.2
Invocations    | 1 |  1.2
Shields        | |  3.7

Action                   |  1- 3 |  4- 6 |  7- 9 | 10-12 | 13-15 || total
-------------------------+-------+-------+-------+-------+-------++-------
Melee: War axe           |    74 |    32 |       |       |       ||   106
       Headbutt          |    15 |    18 |    82 |   171 |    80 ||   366
       Hand axe          |       |    58 |   387 |   611 |       ||  1056
       Mace              |       |       |       |    25 |    11 ||    36
       Battleaxe         |       |       |       |   145 |   107 ||   252
       Broad axe         |       |       |       |       |   185 ||   185
Invok: Heroism           |       |       |       |     3 |     1 ||     4
  Use: Potion            |       |     1 |     1 |     3 |     1 ||     6
       Scroll            |       |       |    21 |    11 |     5 ||    37
  Eat: Chunk             |       |     3 |     3 |     8 |     1 ||    15
       Fruit             |       |       |     6 |    15 |     1 ||    22
       Pizza             |       |       |     1 |     1 |     1 ||     3
       Bread ration      |       |       |     1 |       |       ||     1
       Royal jelly       |       |       |     1 |     5 |     3 ||     9
       Beef jerky        |       |       |       |     2 |     1 ||     3
Armor: Scale mail        |    29 |    36 |    98 |   260 |   152 ||   575
Dodge: Dodged            |    18 |    23 |    82 |   178 |   108 ||   409
Block: Shield            |    33 |    34 |   125 |   256 |       ||   448
